 Dungeon Sprint DCSS version 0.22-a0-362-g535178c5c5 (webtiles) character file.

5 KillingSpree the Cutter (level 1, 0/16 HPs)
             Began as a Spriggan Berserker on Apr 21, 2018.
             Was a Believer of Trog.
             Splashed by a jelly's acid (4 damage)
             ... in the Dungeon (Sprint IX: "|||||||||||||||||||||||||||||").
             The game lasted 00:00:16 (277 turns).

KillingSpree the Cutter (Spriggan Berserker)         Turns: 277, Time: 00:00:16

Health: 0/16       AC: -2    Str: 18    XL:     1   Next: 66%
Magic:  2/2        EV: 19    Int:  8    God:    Trog [**....]
Gold:   0          SH:  0    Dex: 15    Spells: 0/0 levels left

rFire    . . .     SeeInvis +   a - +0 short sword
rCold    . . .     Gourm    .   (shield restricted)
rNeg     . . .     Faith    .   b - +0 animal skin
rPois    .         Spirit   .   (helmet restricted)
rElec    .         Reflect  .   (no cloak)
rCorr    .         Harm     .   (gloves unavailable)
MR       .....     NoTele   +   (boots unavailable)
Stlth    ..........             (no amulet)
HPRegen  0.05/turn              (no ring)
MPRegen  0.08/turn              (no ring)

@: berserking, corroded, very quick
A: very small, unfitting armour, see invisible, herbivore, speed 3, slow
metabolism 2
a: Berserk, Trog's Hand, Renounce Religion


You were in the Dungeon.
You worshipped Trog.
Trog was pleased with you.
You were not hungry.

You visited 1 branch

Inventory:

Hand Weapons
 a - a +0 short sword (weapon)
Armour
 b - a +0 animal skin (worn)
Scrolls
 i - a scroll of blinking
Potions
 d - a potion of curing
 e - a potion of heal wounds
 f - a potion of haste
 g - 2 potions of magic
 h - a potion of berserk rage
Comestibles
 c - a ration


   Skills:
 - Level 2.4 Fighting
 + Level 5.1 Short Blades
 - Level 4.4 Dodging


You couldn't memorise any spells.
You didn't know any spells.

Dungeon Overview and Level Annotations

Branches:
Dungeon (1/1)

Altars:


Innate Abilities, Weirdness & Mutations

You are very small and have problems with some larger weapons.
You are too small for most types of armour.
You have supernaturally acute eyesight. (SInv)
You are a herbivore.
You cover ground extremely quickly.
You need to consume almost no food.


Message History

You hit the kobold.
You kill the kobold!
Trog accepts your kill.
Your Short Blades skill increases to level 5!
Things that are here:
a whip; a kobold corpse You start resting.
HP restored.
You open the door.
An adder, a jelly, an ice beast, a gnoll and a skeleton come into view.
The adder hisses angrily.
The jelly quivers.
A red film seems to cover your vision as you go berserk!
You feel yourself moving faster!
You feel mighty!
You feel a lot more hungry. The jelly hits you.
You are splashed with acid!
The acid burns!
You hit the jelly.
Your hands burn!
* * * LOW HITPOINT WARNING * * *
The jelly is lightly wounded.
You hit the jelly. The acid corrodes you!
Your hands burn!
You die...

▓+▓
▓S▓
▓Z▓
▓Y▓
▓.▓
▓g▓
▓J▓
▓@▓
▓.▓
▓)▓
▓(▓
▓÷▓
▓(▓
▓.▓
▓.▓
▓.▓


You could see an ice beast, a jelly, a gnoll, an adder and an adder skeleton.

Vanquished Creatures
  2 kobolds (D)
  2 bats (D)
  A rat (D)
5 creatures vanquished.

Notes
Turn   | Place    | Note
-------+----------+-------------------------------------------
     0 | D        | KillingSpree the Spriggan Berserker began the quest for the Orb.
     0 | D        | Reached XP level 1. HP: 11/11 MP: 2/2
    11 | D        | Reached skill level 4 in Short Blades
    18 | D        | Reached ** piety under Trog
    29 | D        | Reached skill level 5 in Short Blades
   274 | D        | Noticed an ice beast
   274 | D        | Noticed a jelly
   277 | D        | Splashed by a jelly's acid

Vault maps used:
D:        linesprint

Skill      XL: |  1 |
---------------+----+-----
Short Blades   | 5 |  5.1
Fighting       | |  2.4
Dodging        | |  4.4

Action                   || total
-------------------------++-------
Melee: Short sword       ||    25
Invok: Berserk           ||     1
Armor: Animal skin       ||     5
Dodge: Dodged            ||    15

Table legend:
 A = Spawn XP
 B = Non-spawn XP
 C = Spawn XP percentage of total XP
 D = Spawn monster count
 E = Non-spawn monster count
 F = Spawn count percentage of total count
 G = Total turns spent on level
                    A         B        C        D         E        F      G
               +---------+---------+-------+---------+---------+-------+---------
         Total |       0 |       8 |   0.0 |       0 |       5 |   0.0 |   277
               +---------+---------+-------+---------+---------+-------+---------
             D |       0 |       8 |   0.0 |       0 |       5 |   0.0 |   277
               +---------+---------+-------+---------+---------+-------+---------
